 Dungeon Crawl Stone Soup version 0.29-a0-521-g59ce8b2d47 (webtiles) character file.

Game seed: 5064907063730813227

355 CrazyBamboolord the Grave Robber (level 6, 0/41 HPs)
             Began as a Mummy Necromancer on June 1, 2022.
             Slain by a phantom (1 damage)
             ... on level 4 of the Dungeon.
             The game lasted 00:13:16 (3535 turns).

CrazyBamboolord the Grave Robber (MuNe)             Turns: 3535, Time: 00:13:17

Health: 0/41       AC:  5    Str: 11    XL:     6   Next: 36%
Magic:  1/14       EV: 12    Int: 19    God:
Gold:   147        SH:  0    Dex: 13    Spells: 4/16 levels left

rFire   . . .      SeeInvis .   e - +3 hand axe "Ifeamid" {flame, Drain rF+ rN+ Int+3}
rCold   + . .      Faith    .   (no shield)
rNeg    + + +      Spirit   .   a - +0 robe
rPois   ∞          Reflect  .   (no helmet)
rElec   .          Harm     .   (no cloak)
rCorr   .          Rampage  .   g - +2 pair of gloves
Will    .....                   (no boots)
Stlth   ++........              (no amulet)
HPRegen 0.13/turn               (no ring)
MPRegen 0.14/turn               (no ring)

@: no status effects
A: cold resistance 1, negative energy resistance 3, torment resistance 2, heat
vulnerability 1, in touch with death 1, no potions
a: no special abilities


You were on level 4 of the Dungeon.
You visited 1 branch of the dungeon, and saw 4 of its levels.

You collected 147 gold pieces.

Inventory:

Hand Weapons
 d - a +2 dagger of electrocution
 e - the +3 hand axe "Ifeamid" (weapon) {flame, Drain rF+ rN+ Int+3}
   (You found it on level 2 of the Dungeon)

   It burns those it strikes, dealing additional fire damage.
   Big, fiery blades are also staple armaments of hydra-hunters.
   Int:       It affects your intelligence (+3).
   rF:        It protects you from fire.
   rN:        It protects you from negative energy.
   Drain:     It drains your maximum health when unequipped.
Armour
 a - a +0 robe (worn)
 g - a +2 pair of gloves (worn)
Scrolls
 b - a scroll of enchant armour
 c - 2 scrolls of vulnerability
 i - a scroll of noise
 j - a scroll of amnesia


   Skills:
 * Level 2.4 Dodging
 + Level 1.8 Stealth
 * Level 5.5 Spellcasting
 * Level 6.0 Necromancy


You had 4 spell levels left.
You knew the following spells:

 Your Spells              Type           Power      Damage    Failure   Level
a - Necrotize             Necr           100%       1d9       1%          1
b - Vampiric Draining     Necr           42%        2d9       3%          3
c - Animate Dead          Necr           42%        N/A       10%         4
d - Corpse Rot            Necr/Pois/Air  19%        N/A       45%         4

Your spell library contained the following spells:

 Spells                   Type           Power      Damage    Failure   Level
 Magic Dart               Conj           20%        1d4       12%         1
 Blink                    Tloc           10%        N/A       19%         2
 Call Imp                 Summ           5%         N/A       19%         2
 Poisonous Vapours        Pois/Air       10%        N/A       19%         2
 Lesser Beckoning         Tloc           5%         N/A       34%         3
 Mephitic Cloud           Conj/Pois/Air  5%         N/A       34%         3
 Agony                    Necr           42%        N/A       26%         5
 Manifold Assault         Tloc           5%         N/A       97%         5


Dungeon Overview and Level Annotations

Branches:
Dungeon (4/15)
 Temple: D:4-7

Altars:

Shops:
D:3 (

Annotations:
D:2 Grinder
D:4 1 transporter, Ananasrisotto's ghost, weakling OgDe; Dowan


Innate Abilities, Weirdness & Mutations

You are immune to poison.
Your flesh is cold resistant. (rC+)
You are immune to negative energy. (rN+++)
You are immune to unholy pain and torment.
You are vulnerable to heat. (rF-)
You are in touch with the powers of death.
You do not drink.


Message History

You can't drink.
As you read the scroll of fear, it crumbles to dust.
You assume a fearsome visage.
Dowan looks frightened!
The phantom is unaffected.
Dowan mumbles some strange words.
Dowan blinks!
As you read the scroll labelled ELUTYF QENTUSK, it crumbles to dust.
It is a scroll of amnesia.
Really abort (and waste the scroll)?
Okay, then.
Dowan gestures wildly while chanting.
Dowan blinks!
Dowan gestures wildly while chanting.
Dowan blinks!
The phantom hits you.
* * * LOW HITPOINT WARNING * * *
The phantom blinks!
You blink.
As you read the scroll labelled HAUPIK ZUWUA, it crumbles to dust.
It is a scroll of enchant weapon.
Your +1 dagger of electrocution glows red for a moment.
Dowan mumbles some strange words.
Dowan blinks!
The phantom misses you.
Okay, then.
Dowan casts a spell.
Dowan blinks!
Dowan gives up.
Dowan casts a spell.
Dowan blinks!
The phantom misses you.
Dowan gives up.
Dowan gestures wildly while chanting.
Dowan blinks!
The phantom hits you.
* * * LOW HITPOINT WARNING * * *
Dowan gestures wildly while chanting.
Dowan blinks!
Dowan pleads, "Please don't kill me!"
Dowan casts a spell.
Dowan blinks!
The phantom barely misses you.
Dowan mumbles some strange words.
Dowan blinks!
The phantom attacks as you move away! The phantom hits you.
You die...

.. #..##8.WDB.8##. #.
#...#########..
#.######
#.......©......
#.e§...##
##.............
#.####..#
######........ #.
##.#########.#.....#
..
..##§...#......##...##
.#. #..........#####
#### ..#. ####...@W..#
.. #. #...§...# ### #.
.e...####### .#####


You could see a phantom and Dowan (fast, fleeing).

Vanquished Creatures
  Duvessa (D:4)
  A scorpion (D:3)
  An orc priest (D:3)
  Jessica (D:3)
  4 gnolls (D:2)
  3 adders
  A worm (D:2)
  8 orcs (D:3)
  A ball python (D:3)
  7 bats
  3 endoplasms
  A giant cockroach (D:3)
  2 goblins
  4 hobgoblins
  4 jackals (D:3)
  3 frilled lizards
  7 kobolds
  6 rats
58 creatures vanquished.

Vanquished Creatures (collateral kills)
  A bat (D:1)
  A frilled lizard (D:3)
2 creatures vanquished.

Vanquished Creatures (others)
  A ball python zombie (D:3)
  9 plants (D:1)
  A withered plant (D:1)
11 creatures vanquished.

Grand Total: 71 creatures vanquished

Notes
Turn   | Place    | Note
-------+----------+-------------------------------------------
     0 | D:1      | CrazyBamboolord the Mummy Necromancer began the quest for
                  | the Orb.
     0 | D:1      | Reached XP level 1. HP: 13/13 MP: 4/4
   270 | D:1      | Reached XP level 2. HP: 19/19 MP: 3/5
   795 | D:1      | Found a faded altar of an unknown god.
  1357 | D:2      | Gained mutation: You are in touch with the powers of death.
                  | [Mummy growth]
  1357 | D:2      | Reached XP level 3. HP: 24/24 MP: 2/7
  1430 | D:2      | Identified the +3 hand axe "Ifeamid" {flame, Drain rF+ rN+
                  | Int+3}
  1513 | D:2      | Learned a level 3 spell: Vampiric Draining
  1719 | D:2      | Reached skill level 5 in Necromancy
  1719 | D:2      | Reached XP level 4. HP: 30/30 MP: 1/9
  2143 | D:3      | Learned a level 4 spell: Animate Dead
  2166 | D:3      | Noticed a scorpion
  2181 | D:3      | Killed a scorpion
  2182 | D:3      | Reached XP level 5. HP: 32/35 MP: 1/11
  2313 | D:3      | Learned a level 4 spell: Corpse Rot
  2563 | D:3      | Noticed Grinder
  2568 | D:2      | Paralysed by Grinder for 4 turns
  2940 | D:3      | Found Arack's Antique Weapon Shoppe.
  3135 | D:3      | Noticed Jessica
  3141 | D:3      | Killed Jessica
  3142 | D:3      | Reached skill level 5 in Spellcasting
  3459 | D:4      | Noticed a steam dragon
  3463 | D:4      | Noticed Ananasrisotto's ghost (weakling OgDe)
  3467 | D:4      | Found a transporter.
  3502 | D:4      | Noticed Duvessa
  3502 | D:4      | Noticed a phantom
  3503 | D:4      | Noticed Dowan
  3510 | D:4      | Killed Duvessa
  3511 | D:4      | Reached skill level 6 in Necromancy
  3511 | D:4      | Reached XP level 6. HP: 29/41 MP: 0/14
  3529 | D:4      | HP: 1/41 [phantom (3)]
  3535 | D:4      | Slain by a phantom

Illustrated notes

Levels and vault maps discovered:
D:1:      dpeg_arrival_shrine, layout_basic, serial_bayou, serial_bayou_lake_a,
          serial_bayou_pond_a, serial_bayou_pond_c, serial_bayou_shore_a,
          serial_bayou_pond_d, serial_bayou_ford_a,
          ebering_ecumenical_altar_petrified, chequers_jeans, glass_columns_a
D:2:      layout_rooms, serial_bayou_pond_a
D:3:      layout_basic, serial_shops, shop, uniq_jessica, uniq_grinder
D:4:      layout_rooms, minmay_temple_entry_offerings, gammafunk_ghost_arena,
          uniq_duvessa

Skill      XL: |  1  2  3  4  5 |
---------------+----------------+-----
Spellcasting   | 3 4 5 |  5.5
Dodging        | 2 |  2.4
Necromancy     | 5 6 |  6.0
Stealth        | |  1.8

Action                   |  1- 3 |  4- 6 || total
-------------------------+-------+-------++-------
Melee: Unarmed           |     2 |       ||     2
       Dagger            |    10 |       ||    10
       Hand axe          |     9 |     9 ||    18
 Cast: Necrotize         |    55 |    56 ||   111
       Vampiric Draining |       |     5 ||     5
       Animate Dead      |       |     1 ||     1
  Use: Scroll            |       |     9 ||     9
Armor: Robe              |     1 |    10 ||    11
Dodge: Dodged            |    21 |    21 ||    42

Table legend: (Time is in decaauts)
 A = Elapsed time spent in this place.
 B = Non-inter-level travel time spent in this place.
 C = Inter-level travel time spent in this place.
 D = Time resting spent in this place.
 E = Time spent auto-exploring this place.
 F = Levels seen in this place.
 G = Mean time per level.
                   A        B        C        D        E       F      G
               +--------+--------+--------+--------+--------+-----+--------+
         Total |   3608 |   3510 |     98 |    303 |   2698 |   4 |  902.0 |
       Dungeon |   3608 |   3510 |     98 |    303 |   2698 |   4 |  902.0 |
               +--------+--------+--------+--------+--------+-----+--------+

Top non-repeatable levels by time:
     D:1: 1384 daAuts
     D:3: 1126 daAuts
     D:2: 981 daAuts
     D:4: 115 daAuts
